 Dungeon Crawl Stone Soup version 0.30-a0-571-gdf30a72648 (webtiles) character file.

Game seed: 13112660220082707695

3 brody1818 the Grave Robber (level 1, 0/14 HPs)
             Began as a Ghoul Necromancer on Dec 30, 2022.
             Slain by an endoplasm (1 damage)
             ... on level 1 of the Dungeon.
             The game lasted 00:01:18 (101 turns).

brody1818 the Grave Robber (Ghoul Necromancer)       Turns: 101, Time: 00:01:19

Health: 0/14       AC:  2    Str: 11    XL:     1   Next: 50%
Magic:  2/2        EV: 12    Int: 10    God:
Gold:   0          SH:  0    Dex:  9    Spells: 2/3 levels left

rFire   . . .      SeeInvis .    c - +0 club
rCold   + . .      Faith    .    (no shield)
rNeg    + + +      Spirit   .    a - +0 robe
rPois   ∞          Reflect  .    (no helmet)
rElec   .          Harm     .    (no cloak)
rCorr   .          Rampage  .    (no gloves)
Will    .....                    (no boots)
Stlth   ++                       (no amulet)
HPRegen 0.00/turn                (no ring)
MPRegen 0.08/turn                (no ring)

@: inhibited regen
A: claws 1, cold resistance 1, negative energy resistance 3, inhibited
regeneration, torment resistance 2, devour on kill
a: no special abilities


You were on level 1 of the Dungeon.
You visited 1 branch of the dungeon, and saw 1 of its levels.

Inventory:

Hand Weapons
 c - a +0 club (weapon)
 d - a +0 dagger
Armour
 a - a +0 robe (worn)
Potions
 b - a potion of magic


   Skills:
 + Level 1.7 Dodging
 + Level 2.4 Stealth
 + Level 0.4 Unarmed Combat
 + Level 1.7 Spellcasting
 + Level 4.0 Necromancy


You had 2 spell levels left.
You knew the following spells:

 Your Spells              Type           Power      Damage    Failure   Level
a - Necrotise             Necr           32%        1d5       6%          1

Your spell library contained the following spells:

 Spells                   Type           Power      Damage    Failure   Level
 Vampiric Draining        Necr           8%         2d6       19%         3
 Animate Dead             Necr           8%         N/A       52%         4
 Agony                    Necr           8%         N/A       86%         5


Dungeon Overview and Level Annotations

Branches:
Dungeon (1/15)

Altars:


Innate Abilities, Weirdness & Mutations

You are immune to poison.
You have sharp fingernails.
Your flesh is cold resistant. (rC+)
You are immune to negative energy. (rN+++)
You do not regenerate when monsters are visible.
You are immune to unholy pain and torment.
You thrive by killing the living.


Message History

c - a +0 club
Things that are here:
a +0 dagger; a kobold corpse
d - a +0 dagger You see here a kobold corpse.
You open the door.
There is an open door here.
Found a stone staircase leading down.
c - a +0 club (weapon)
There is a stone staircase leading down here.
You open the door.
An endoplasm and a hobgoblin come into view.
The endoplasm quivers.
Found a red potion.
An endoplasm comes into view.
Found 13 gold pieces.
There is an open door here.
Found a dagger.
The hobgoblin shouts!
The endoplasm misses you. The hobgoblin misses you.
You barely miss the hobgoblin. The hobgoblin hits you.
The endoplasm barely misses you.
You barely miss the hobgoblin. The endoplasm freezes you.
You are frozen.
You resist. The hobgoblin hits you. The endoplasm freezes you.
You are frozen.
You resist. The endoplasm freezes you.
You are frozen.
You resist. The endoplasm freezes you.
You are frozen.
You resist. The hobgoblin hits you.
You hit the hobgoblin but do no damage. The endoplasm freezes you.
You are frozen.
You resist.
* * * LOW HITPOINT WARNING * * *
The hobgoblin barely misses you. The endoplasm hits you.
* * * LOW HITPOINT WARNING * * *
The endoplasm attacks as you move away! The endoplasm hits you.
You die...

##########
#........#
#......$.#
#........#
#........#
###..J....)#
####.'.J@g.!..+
##....#........#
#..####..........
##................
#.......#######...
##.......# ..
####........# #
#>...#......#
#####
#.###########
#...#


You could see 2 endoplasms and a hobgoblin.

Vanquished Creatures
  A hobgoblin (D:1)
  2 kobolds (D:1)
3 creatures vanquished.

Notes
Turn   | Place    | Note
-------+----------+-------------------------------------------
     0 | D:1      | brody1818 the Ghoul Necromancer began the quest for the
                  | Orb.
     0 | D:1      | Reached XP level 1. HP: 14/14 MP: 2/2
   101 | D:1      | Slain by an endoplasm

Illustrated notes

Levels and vault maps discovered:
D:1:      lemuel_arrival_cross, layout_basic, minmay_misc_feat_rugged

Action                   || total
-------------------------++-------
Melee: Unarmed           ||    10
       Club              ||     3
       Punch             ||     1
 Stab: Sleeping          ||     3
Armor: Robe              ||     2
Dodge: Dodged            ||     8

Table legend: (Time is in decaauts)
 A = Elapsed time spent in this place.
 B = Non-inter-level travel time spent in this place.
 C = Inter-level travel time spent in this place.
 D = Time resting spent in this place.
 E = Time spent auto-exploring this place.
 F = Levels seen in this place.
 G = Mean time per level.
                   A        B        C        D        E       F      G
               +--------+--------+--------+--------+--------+-----+--------+
         Total |    101 |     57 |     44 |      0 |     17 |   1 |  101.0 |
       Dungeon |    101 |     57 |     44 |      0 |     17 |   1 |  101.0 |
               +--------+--------+--------+--------+--------+-----+--------+

Top non-repeatable levels by time:
     D:1: 101 daAuts
